AoeStats
← Professor6899

Lombardia

508903977Analyzed
4v4 RM · 7d ago on Sep 24, 2026· 52m 41s· 8 players
Game mode
Random Map
Map size
Large (8 player)
Population
200
Speed
Normal
Resources
Standard
Victory
Conquest
Starting age
Dark Age
Ending age
Imperial Age
RankedLock teamsTeams togetherTeam positionsShared explorationLock speedFull tech treeHidden civsTurbo modeCheats
Victory
Defeat
🇨🇳 Varangians · China
1050
+17
🇹🇼 Khmer · Taiwan
1018
+18
🇪🇸 Saxons · Spain
997
+19
🇰🇷 Celts · South Korea
967
+21
🇮🇳 Varangians · India
1125
-20
🇮🇳 Poles · India
1092
-20
🇮🇳 Vietnamese · India
1042
-18
🇮🇳 Bohemians · India
1023
-17
jerry80tim
7:44 Loom
10:08 Feudal Age
13:22 Castle Age
13:27 Double-Bit Axe
13:34 Horse Collar
14:32 Bow Saw
19:51 Wheelbarrow
24:00 Hand Cart
24:13 Gold Mining
24:14 Stone Mining
28:38 Imperial Age
26:45 Heavy Plow
27:50 Gold Shaft Mining
28:36 Stone Shaft Mining
29:13 Town Watch
29:50 Scale Barding Armor
29:56 Forging
30:36 Conscription
31:02 Masonry
32:07 Chain Barding Armor
32:23 Iron Casting
31:56 Siege Engineers
34:40 Plate Barding Armor
35:06 Blast Furnace
34:31 Ballistics
35:12 Chemistry
35:17 Hoardings
34:45 Elite Ballista Elephant
35:56 Fletching
36:18 Bloodlines
36:09 Husbandry
36:37 Double Crossbow
36:40 Tusk Swords
37:46 Architecture
37:17 Murder Holes
39:46 Caravan
40:09 Bodkin Arrow
46:37 Elite Battle Elephant
48:05 Crop Rotation
52:39 Light Cavalry
Elamb
8:38 Loom
10:23 Feudal Age
11:52 Double-Bit Axe
12:23 Horse Collar
17:34 Gold Mining
20:23 Castle Age
19:03 Stone Mining
21:00 Wheelbarrow
20:14 Town Watch
23:19 Gold Shaft Mining
22:55 Bow Saw
29:59 Imperial Age
29:10 Caravan
30:39 Hand Cart
31:52 Arson
32:08 Squires
31:55 Gambesons
32:28 Heavy Plow
33:33 Two-Man Saw
33:00 Town Patrol
33:04 Scale Mail Armor
33:14 Forging
34:08 Chain Mail Armor
33:44 Fletching
35:13 Chemistry
34:26 Masonry
35:31 Conscription
35:27 Murder Holes
35:52 Ballistics
35:01 Pikeman
37:40 Coinage
37:20 Shield Wall
38:39 Plate Mail Armor
38:33 Elite Hearth Troop
39:56 Iron Casting
39:17 Bodkin Arrow
39:59 Architecture
40:45 Elite Varangian Guard
41:27 Bracer
41:38 Siege Engineers
41:16 Treadmill Crane
41:41 Siege Engineers
42:15 Crop Rotation
42:12 Halberdier
44:24 Scale Barding Armor
44:22 Padded Archer Armor
46:07 Capped Ram
47:48 Leather Archer Armor
47:55 Chain Barding Armor
47:20 Siege Ram
48:05 Man-at-Arms
49:27 Hoardings
50:53 Sanctity
50:50 Block Printing
50:51 Redemption
51:07 Illumination
wook12220
0:26 Loom
10:57 Feudal Age
12:30 Wheelbarrow
11:42 Double-Bit Axe
12:28 Town Watch
13:33 Horse Collar
19:40 Castle Age
19:20 Stone Mining
20:44 Hand Cart
20:33 Heavy Plow
20:48 Bow Saw
23:33 Gold Mining
24:19 Stone Shaft Mining
29:23 Gold Shaft Mining
30:16 Caravan
33:19 Forging
33:09 Scale Mail Armor
35:00 Town Patrol
35:14 Masonry
35:14 Fortified Wall
34:59 Murder Holes
35:25 Ballistics
38:26 Imperial Age
36:18 Stronghold
38:06 Coinage
38:17 Iron Casting
37:58 Chain Mail Armor
37:33 Fletching
37:43 Padded Archer Armor
39:15 Siege Engineers
39:26 Furor Celtica
39:52 Hoardings
38:38 Elite Woad Raider
39:39 Conscription
38:44 Heavy Scorpion
38:45 Capped Ram
39:42 Guilds
41:02 Blast Furnace
40:33 Plate Mail Armor
40:06 Siege Ram
44:11 Banking
45:09 Pikeman
47:58 Halberdier
48:46 Onager
52:25 Arrowslits
52:31 Guard Tower
梁志超他奶
10:37 Feudal Age
11:06 Double-Bit Axe
11:01 Horse Collar
17:27 Castle Age
16:04 Gold Mining
17:01 Bloodlines
17:27 Stone Mining
18:33 Bow Saw
19:23 Heavy Plow
21:16 Husbandry
22:36 Loom
25:02 Wheelbarrow
29:55 Hand Cart
33:08 Imperial Age
30:54 Treadmill Crane
31:45 Forging
31:40 Scale Barding Armor
32:13 Stone Shaft Mining
32:57 Masonry
33:27 Iron Casting
33:15 Town Watch
35:16 Two-Man Saw
34:56 Crop Rotation
33:53 Cavalier
34:57 Conscription
34:30 Vendel Legacy
35:52 Town Patrol
37:15 Blast Furnace
36:36 Chain Barding Armor
37:39 Fletching
40:13 Architecture
40:04 Ballistics
40:46 Chemistry
42:55 Ballistics
42:04 Elite Jarl
43:15 Scale Mail Armor
43:11 Bodkin Arrow
43:52 Plate Barding Armor
43:06 Elite Varangian Guard
43:47 Squires
43:34 Arson
43:19 Gothikon
44:11 Gambesons
44:46 Chain Mail Armor
45:30 Bracer
51:48 Siege Engineers
51:40 Murder Holes
51:55 Fortified Wall
NightShade
11:08 Feudal Age
14:54 Castle Age
15:47 Gold Mining
17:51 Town Watch
20:11 Double-Bit Axe
24:53 Wheelbarrow
25:14 Horse Collar
27:00 Bow Saw
31:58 Imperial Age
32:23 Arson
32:39 Squires
32:24 Gambesons
32:11 Elite Varangian Guard
33:14 Conscription
32:27 Gothikon
33:44 Scale Barding Armor
33:42 Scale Mail Armor
33:52 Forging
34:37 Loom
35:22 Chain Mail Armor
35:45 Hand Cart
36:43 Two-Man Saw
36:55 Plate Mail Armor
37:00 Iron Casting
37:10 Iron Casting
45:33 Onager
V2 ツ
10:59 Feudal Age
14:48 Castle Age
14:21 Double-Bit Axe
15:54 Bow Saw
18:22 Horse Collar
22:59 Wheelbarrow
24:25 Gold Mining
24:49 Fletching
24:59 Padded Archer Armor
25:35 Stone Mining
26:04 Heavy Plow
30:39 Loom
31:11 Hand Cart
30:42 Crossbowman
31:31 Thumb Ring
34:21 Imperial Age
31:56 Bodkin Arrow
32:17 Leather Archer Armor
32:27 Thumb Ring
34:45 Ballistics
34:28 Arbalester
35:09 Bracer
35:40 Ring Archer Armor
36:22 Chemistry
40:04 Stone Shaft Mining
44:25 Elite Battle Elephant
45:16 Bloodlines
46:15 Husbandry
47:07 Forging
47:27 Scale Barding Armor
48:54 Iron Casting
49:35 Chain Barding Armor
50:58 Plate Barding Armor
Zip Paz
7:32 Loom
10:49 Feudal Age
12:07 Horse Collar
12:15 Double-Bit Axe
20:49 Castle Age
19:32 Stone Mining
19:36 Gold Mining
23:27 Bow Saw
23:20 Heavy Plow
23:59 Wheelbarrow
25:20 Hand Cart
24:51 Town Watch
33:48 Imperial Age
32:35 Scale Barding Armor
32:41 Forging
32:33 Husbandry
32:43 Bloodlines
34:06 Coinage
34:05 Chain Barding Armor
33:27 Light Cavalry
34:45 Iron Casting
34:54 Lechitic Legacy
34:55 Conscription
35:19 Banking
34:20 Winged Hussar
37:18 Crop Rotation
42:49 Blast Furnace
Professor6899
9:46 Loom
11:51 Feudal Age
16:46 Castle Age
15:49 Horse Collar
15:56 Double-Bit Axe
21:39 Wheelbarrow
22:13 Bow Saw
27:44 Heavy Plow
32:18 Imperial Age
29:19 Pikeman
30:40 Hand Cart
31:12 Fervor
32:21 Chemistry
31:49 Forging
31:39 Scale Mail Armor
31:44 Squires
31:33 Arson
34:03 Iron Casting
33:43 Chain Mail Armor
32:55 Halberdier
36:06 Blast Furnace
37:04 Houfnice
47:55 Caravan
51:10 Conscription
52:34 Wagenburg Tactics
Connection lost

Rejoining the realm…

Still unreachable

The connection could not be restored.

Session expired

The server has moved on; the page needs a fresh start.